 Dungeon Crawl Stone Soup version 0.19.0-1-g5985abe (webtiles) character file.

7977 varam the Thaumaturge (level 11, -15/64 HPs)
             Began as a Gargoyle Earth Elementalist on Nov 2, 2016.
             Was a Believer of Vehumet.
             Shot with an arrow by a centaur warrior (19 damage)
             ... on level 10 of the Dungeon.
             The game lasted 00:52:24 (13525 turns).

varam the Thaumaturge (GrEE)                       Turns: 13525, Time: 00:52:25

Health: -15/64     AC: 12    Str: 11    XL:     11   Next: 23%
Magic:  13/23      EV: 14    Int: 24    God:    Vehumet [**....]
Gold:   264        SH:  4    Dex: 10    Spells: 7 memorised, 10 levels left

rFire  . . .     SeeInvis .     M - +1 mace (protect)
rCold  . . .     Gourm    .     c - +0 robe
rNeg   + . .     Faith    +     I - +0 buckler
rPois  ∞         Spirit   .     (no helmet)
rElec  +         Reflect  .     F - +0 cloak
rCorr  .         Harm     .     G - +0 pair of gloves
MR     +....                    (no boots)
Stlth  ++........               R - amulet of faith
                                t - ring of protection from magic
                                n - +4 ring of intelligence

@: no status effects
A: negative energy resistance 1, electricity resistance, unbreathing,
petrification resistance, rot immunity, AC +7
a: Renounce Religion


You were on level 10 of the Dungeon.
You worshipped Vehumet.
Vehumet was pleased with you.
You were not hungry.

You visited 2 branches of the dungeon, and saw 11 of its levels.

You collected 564 gold pieces.
You spent 300 gold pieces at shops.

Inventory:

Hand Weapons
 a - a +2 spear of venom
 z - a +0 flail of holy wrath
 M - a +1 mace of protection (weapon)
Missiles
 b - 171 stones (quivered)
Armour
 c - a +0 robe (worn)
 F - a +0 cloak (worn)
 G - a +0 pair of gloves (worn)
 I - a +0 buckler (worn)
Magical Staves
 v - an uncursed staff of air
 D - an uncursed staff of fire
Rods
 Q - a +0 lightning rod (10/10)
   (You found it on level 9 of the Dungeon)
Jewellery
 n - a +4 ring of intelligence (left hand)
 p - an uncursed ring of protection from fire
 t - a ring of protection from magic (right hand)
 A - an uncursed ring of protection from magic
 R - an amulet of faith (around neck)
Wands
 i - a wand of flame (24/48)
 P - a wand of slowing (23/48)
Scrolls
 g - 2 scrolls of random uselessness
 h - 3 scrolls of identify
 k - 2 scrolls of immolation
 l - 3 scrolls of amnesia
 o - 6 scrolls of remove curse
 r - a scroll of recharging {unknown}
 w - 2 scrolls of magic mapping {unknown}
 x - a scroll of torment {unknown}
 y - 3 scrolls of teleportation {unknown}
 B - 2 scrolls of enchant weapon {unknown}
 H - 2 scrolls of fear {unknown}
 S - a scroll of enchant armour {unknown}
Potions
 f - 5 potions of curing {unknown}
 j - 2 potions of lignification {unknown}
 m - 2 potions of agility {unknown}
 s - 3 potions of cancellation {unknown}
 C - 2 potions of mutation {unknown}
 E - 3 potions of brilliance {unknown}
 K - 2 potions of heal wounds {unknown}
 O - a potion of ambrosia {unknown}
 T - a potion of berserk rage {unknown}
 V - 3 potions of flight
Books
 e - a book of Geomancy

   Spells                             Type                      Level
   a - Sandblast                      Earth                        1
   b - Passwall                       Transmutation/Earth          2
   c - Stone Arrow                    Conjuration/Earth            3
   d - Petrify                        Transmutation/Earth          4
   e - Lee's Rapid Deconstruction     Earth                        5
 J - a book of Cantrips

   Spells                             Type                      Level
   a - Confusing Touch                Hexes                        1
   b - Animate Skeleton               Necromancy                   1
   c - Summon Small Mammal            Summoning                    1
   d - Apportation                    Translocation                1
 L - a book of Minor Magic

   Spells                             Type                      Level
   a - Magic Dart                     Conjuration                  1
   b - Blink                          Translocation                2
   c - Call Imp                       Summoning                    2
   d - Repel Missiles                 Charms/Air                   2
   e - Slow                           Hexes                        2
   f - Conjure Flame                  Conjuration/Fire             3
   g - Mephitic Cloud                 Conjuration/Poison/Air       3
Comestibles
 d - 4 bread rations
 q - 6 beef jerkies
 u - 3 meat rations
 N - 10 royal jellies
 U - a slice of pizza
 W - 3 chunks of flesh


   Skills:
 + Level 5.5 Fighting
 + Level 3.6 Maces & Flails
 + Level 4.8 Armour
 + Level 4.9 Dodging
 - Level 2.1 Stealth
 - Level 4.0 Shields
 * Level 8.9 Spellcasting
 + Level 6.5 Conjurations
 - Level 0.7 Transmutations
 + Level 3.5 Fire Magic
 + Level 8.6 Earth Magic


You had 10 spell levels left.
You knew the following spells:

 Your Spells              Type           Power        Failure   Level  Hunger
a - Sandblast             Erth           ######       1%          1    None
b - Passwall              Tmut/Erth      ####......   1%          2    None
c - Stone Arrow           Conj/Erth      #####.       1%          3    None
d - Lee's Rapid Deconstr  Erth           ######....   6%          5    ####...
e - Summon Small Mammal   Summ           ##..         8%          1    None
f - Conjure Flame         Conj/Fire      ####....     2%          3    None
g - Blink                 Tloc           N/A          12%         2    None


Dungeon Overview and Level Annotations

Branches:
Dungeon (10/15)            Temple (1/1) D:6
   Lair: D:8-11         Orc: D:9-12

Altars:
Ashenzari
Cheibriados
Dithmenos
Elyvilon
Fedhas
Gozag
Hepliaklqana
Kikubaaqudgha
Makhleb
Nemelex Xobeh
Okawaru
Qazlal
Ru
Sif Muna
Trog
Uskayaw
Vehumet
Xom
Yredelemnul
Zin
The Shining One

Shops:
D:4 (   D:7 :


Innate Abilities, Weirdness & Mutations

You are resistant to torment.
Your stone body is resilient. (AC +7)
You are immune to poison.
You resist negative energy. (rN+)
You are resistant to electric shocks. (rElec)
You can survive without breathing.
You are immune to petrification.
You are immune to rotting.


Message History

Found a leatherbound book.
Casting: Stone Arrow
Confirm with . or Enter, or press ? or * to list all spells.
Aiming: Stone Arrow
Press: ? - help, Shift-Dir - straight line, f - centaur warrior
Aim: a centaur warrior, wielding a longbow The stone arrow hits the centaur warrior.
The centaur warrior is moderately wounded.
The centaur warrior shoots an arrow.
The arrow hits you!!
* * * LOW HITPOINT WARNING * * *
Unknown command.
Casting: Stone Arrow
Confirm with . or Enter, or press ? or * to list all spells.
Aiming: Stone Arrow
Press: ? - help, Shift-Dir - straight line, f/p - centaur warrior
Aim: a centaur warrior, wielding a longbow (moderately wounded)
The stone arrow hits the centaur warrior.
The centaur warrior is severely wounded.
The centaur warrior shoots an arrow.
The arrow hits you!!
You die...

#...# .# #...# .### #.
#...#######....
#.#+#######............#
.....................#.#
....# #..............#
....# #...(.(...c....#
....#####..##c######.#.#
...........#....@..#.#.#
......)....####.####.(.#
...######+#...#.#
####...# ...# .#.#..
...# ...# .. #... ...#
...# ...#.:.. ....c ...#
#.#..... ....#. ...#
#....## .#... . ####
#....# .#.###


You could see a centaur warrior.

Vanquished Creatures
  A hellwing (D:9)
  A queen bee (D:8)
  Prince Ribbit (D:6)
  A hornet (D:8)
  Sigmund (D:2)
  4 yaks
  3 hell hounds (D:10)
  3 ice beasts
  A sky beast (D:7)
  4 ogres
  A necrophage (D:9)
  3 black bears
  A hornet zombie (D:9)
  5 centaurs
  A crocodile (D:9)
  6 bullfrogs
  A big kobold (D:8)
  A wyvern skeleton (D:9)
  24 killer bees
  3 wights (D:8)
  A jelly (D:9)
  3 howler monkeys
  3 crimson imps
  The ghost of murphy the Magician, a weakling DECj of Elyvilon (D:3)
  4 bullfrog zombies
  6 centaur zombies
  A quasit (D:9)
  A bullfrog skeleton (D:8)
  2 hounds
  2 orc priests
  11 orc wizards
  Ijyb (D:2)
  2 centaur skeletons
  4 iguanas
  8 worker ants
  2 hound skeletons (D:4)
  A hound zombie (D:7)
  12 gnolls
  A worker ant zombie (D:8)
  8 adders
  8 shadow imps
  An ooze (D:2)
  An adder zombie (D:5)
  An adder skeleton (D:5)
  A worm (D:3)
  2 dart slugs
  8 leopard geckos
  24 orcs
  4 bats
  5 giant cockroaches
  8 goblins
  11 hobgoblins
  18 jackals
  10 kobolds
  6 quokkas
  3 ball pythons
  6 frilled lizards
  A jackal skeleton (D:4)
  2 leopard gecko skeletons
  A leopard gecko zombie (D:9)
  8 rats
269 creatures vanquished.

Notes
Turn   | Place    | Note
-------+----------+-------------------------------------------
     0 | D:1      | varam the Gargoyle Earth Elementalist began the quest for the Orb.
     0 | D:1      | Reached XP level 1. HP: 10/10 MP: 3/3
   552 | D:1      | Reached skill level 4 in Earth Magic
   552 | D:1      | Reached XP level 2. HP: 9/15 MP: 0/5
  1335 | D:2      | Reached XP level 3. HP: 19/19 MP: 4/6
  1361 | D:2      | Learned a level 3 spell: Stone Arrow
  1623 | D:2      | Noticed Ijyb
  1666 | D:2      | Reached XP level 4. HP: 21/24 MP: 1/8
  1700 | D:2      | Killed Ijyb
  1700 | D:2      | Reached skill level 3 in Spellcasting
  1700 | D:2      | Reached skill level 1 in Conjurations
  1816 | D:2      | Learned a level 2 spell: Passwall
  1843 | D:2      | Noticed Sigmund
  1876 | D:3      | Reached skill level 5 in Earth Magic
  1876 | D:3      | Reached XP level 5. HP: 22/28 MP: 5/10
  2105 | D:3      | Reached skill level 2 in Conjurations
  2116 | D:3      | Learned a level 5 spell: Lee's Rapid Deconstruction
  2437 | D:3      | Reached skill level 4 in Spellcasting
  2437 | D:3      | Reached XP level 6. HP: 26/32 MP: 7/12
  2724 | D:3      | Noticed murphy's ghost (weakling DECj)
  3311 | D:4      | Found Helonirr's Antique Weapon Boutique.
  3327 | D:4      | Reached skill level 5 in Spellcasting
  3360 | D:4      | Reached XP level 7. HP: 35/36 MP: 7/14
  4097 | D:2      | Killed Sigmund
  4097 | D:2      | Reached skill level 1 in Fighting
  4097 | D:2      | Reached skill level 3 in Conjurations
  4329 | D:3      | Killed murphy's ghost
  4329 | D:3      | Reached skill level 1 in Shields
  4329 | D:3      | Reached skill level 6 in Earth Magic
  4874 | D:5      | Entered Level 5 of the Dungeon
  4958 | D:5      | Reached skill level 2 in Dodging
  5125 | D:4      | Reached XP level 8. HP: 31/43 MP: 12/16
  5530 | D:5      | Reached skill level 6 in Spellcasting
  5557 | D:5      | Reached skill level 2 in Shields
  5805 | D:5      | Reached skill level 2 in Fighting
  6356 | D:6      | Reached skill level 4 in Conjurations
  6527 | D:6      | Reached skill level 3 in Shields
  6611 | D:6      | Found a staircase to the Ecumenical Temple.
  6647 | Temple   | Entered the Ecumenical Temple
  6809 | D:6      | Learned a level 1 spell: Summon Small Mammal
  6815 | D:6      | Found a shimmering altar of Xom.
  6837 | D:6      | Found a blossoming altar of Fedhas.
  6849 | D:6      | Found a white marble altar of Elyvilon.
  6852 | D:6      | Found a deep blue altar of Sif Muna.
  6864 | D:6      | Found a sacrificial altar of Ru.
  6864 | D:6      | Found a burning altar of Makhleb.
  6865 | D:6      | Found a shattered altar of Ashenzari.
  6866 | D:6      | Found a hide-covered altar of Uskayaw.
  6879 | D:6      | Reached skill level 3 in Dodging
  6948 | D:6      | Found a radiant altar of Vehumet.
  6957 | D:6      | Became a worshipper of Vehumet
  7012 | D:6      | Reached skill level 1 in Armour
  7012 | D:6      | Reached XP level 9. HP: 42/49 MP: 15/19
  7016 | D:6      | Reached skill level 3 in Fighting
  7143 | D:6      | Noticed Prince Ribbit
  7159 | D:6      | Killed Prince Ribbit
  7159 | D:6      | Reached skill level 4 in Shields
  7159 | D:6      | Reached skill level 7 in Spellcasting
  7159 | D:6      | Reached skill level 7 in Earth Magic
  7411 | D:6      | Found a radiant altar of Vehumet.
  7713 | D:7      | Found Rozxubeidgh's Book Boutique.
  7801 | D:7      | Bought a book of Minor Magic for 300 gold pieces
  7805 | D:7      | Learned a level 3 spell: Conjure Flame
  7808 | D:7      | Learned a level 2 spell: Blink
  8157 | D:8      | Noticed a hornet
  8269 | D:8      | Reached skill level 2 in Armour
  8310 | D:8      | Found a glowing golden altar of the Shining One.
  8479 | D:8      | Reached * piety under Vehumet
  8479 | D:8      | Offered knowledge of Flame Tongue by Vehumet.
  8479 | D:8      | Reached skill level 1 in Fire Magic
  8625 | D:8      | Killed a hornet
  8625 | D:8      | Reached skill level 1 in Maces & Flails
  8754 | D:8      | Reached skill level 5 in Conjurations
  8772 | D:8      | Noticed a queen bee
  9068 | D:8      | Reached skill level 4 in Fighting
  9593 | D:7      | Reached XP level 10. HP: 56/56 MP: 19/21
  9753 | D:7      | Reached skill level 3 in Armour
  9874 | D:7      | Reached skill level 2 in Fire Magic
  9916 | D:7      | Reached skill level 4 in Dodging
  9916 | D:7      | Reached skill level 8 in Spellcasting
 10002 | D:8      | Reached skill level 2 in Maces & Flails
 10230 | D:8      | Reached skill level 8 in Earth Magic
 10293 | D:8      | Reached ** piety under Vehumet
 10293 | D:8      | Offered knowledge of Searing Ray by Vehumet.
 10528 | D:10     | Entered Level 10 of the Dungeon
 10844 | D:9      | Reached skill level 6 in Conjurations
 10849 | D:9      | Reached skill level 5 in Fighting
 10849 | D:9      | Reached skill level 4 in Armour
 11352 | D:9      | Reached skill level 3 in Maces & Flails
 11404 | D:9      | Reached skill level 3 in Fire Magic
 11851 | D:9      | Reached XP level 11. HP: 50/64 MP: 2/23
 12887 | D:9      | Offered knowledge of Ignite Poison by Vehumet.
 13507 | D:10     | Noticed a centaur warrior
 13524 | D:10     | HP: 4/64 [centaur warrior/arrow (25)]
 13525 | D:10     | Shot with an arrow by a centaur warrior

Skill      XL: |  1  2  3  4  5  6  7  8  9 10 |
---------------+-------------------------------+-----
Earth Magic    | 4 5 6 7 8 |  8.6
Spellcasting   | 3 4 5 6 7 8 |  8.9
Conjurations   | 1 2 3 4 5 6 |  6.5
Fighting       | 1 2 4 5 |  5.5
Shields        | 1 3 4 |  4.0
Dodging        | 2 3 4 |  4.9
Armour         | 1 2 4 |  4.8
Fire Magic     | 1 3 |  3.5
Maces & Flails | 1 3 |  3.6
Stealth        | |  2.1
Transmutations | |  0.7

Action                   |  1- 3 |  4- 6 |  7- 9 | 10-12 || total
-------------------------+-------+-------+-------+-------++-------
Melee: Spear             |    77 |    58 |   289 |       ||   424
       Mace              |       |       |    29 |    17 ||    46
       Flail             |       |       |       |    14 ||    14
Throw: Stone             |     1 |     1 |     1 |     2 ||     5
 Cast: Sandblast         |    33 |    36 |     7 |   109 ||   185
       Stone Arrow       |       |    15 |   113 |    99 ||   227
       Blink             |       |       |     2 |     4 ||     6
       Lee's Rapid Decon |       |       |       |     4 ||     4
       Conjure Flame     |       |       |       |     1 ||     1
  Use: Scroll            |       |       |     6 |     3 ||     9
 Stab: Sleeping          |     1 |     1 |     8 |       ||    10
       Distracted        |       |       |     1 |       ||     1
  Eat: Chunk             |     2 |     7 |    18 |     9 ||    36
       Bread ration      |       |       |       |     1 ||     1
       Pizza             |       |       |       |     1 ||     1
Armor: Robe              |    26 |    15 |   149 |    92 ||   282
Dodge: Dodged            |    55 |    44 |   259 |   122 ||   480
Block: Buckler           |       |       |    46 |    44 ||    90
